 Dungeon Crawl Stone Soup version 0.31.0-9-g3a7656b989 (console) character file.

Game seed: 5095454818270272004

273 AlterAsc the Chopper (level 6, 0/47 HPs)
             Began as a Formicid Fighter on Jan 30, 2024.
             Killed by psychic fangs
             ... invoked by a brain worm
              (6 damage)
             ... in a sewer.
             The game lasted 00:06:45 (2855 turns).

AlterAsc the Chopper (Formicid Fighter)             Turns: 2855, Time: 00:06:45

Health: 0/47       AC: 10    Str: 23    XL:     6   Next: 48%
Magic:  3/6        EV:  8    Int:  7    God:
Gold:   243        SH:  5    Dex: 13    Spells: 5/5 levels left

rFire   + . .        k - +0 whip (elec)
rCold   . . .        c - +0 buckler
rNeg    . . .        i - +0 chain mail
rPois   .            (helmet unavailable)
rElec   .            (no cloak)
rCorr   .            (no gloves)
SInv    +            h - +0 pair of boots
Will    .....        (no amulet) Stlth
                     t - ring of protection from fire
HPRegen 0.27/turn    (no ring)
MPRegen 0.10/turn

%: no passive effects
@: mighty, lethally poisoned (0 -> -2), very slow
A: permanent stasis, dig shafts and tunnels, antennae 3, four strong arms
a: Dig


You were in a sewer.
You visited 1 branch of the dungeon, and saw 4 of its levels.
You also visited: Sewer.

You collected 243 gold pieces.

Inventory:

Hand Weapons
 a - a +0 war axe
 k - a +0 whip of electrocution (weapon)
 p - a +4 spear
Missiles
 u - 15 stones (quivered)
Armour
 c - a +0 buckler (worn)
 h - a +0 pair of boots (worn)
 i - a +0 chain mail (worn)
 q - a +2 ring mail of willpower
Jewellery
 t - a ring of protection from fire (left hand)
Wands
 v - a wand of flame (15)
Scrolls
 b - 4 scrolls of enchant armour {unknown}
 g - a scroll of fear {unknown}
 j - 4 scrolls of identify {unknown}
 l - a scroll of noise {unknown}
 m - 2 scrolls of teleportation {unknown}
 n - a scroll of revelation {unknown}
 o - a scroll of amnesia {unknown}
 s - a scroll of enchant weapon {unknown}
 w - 2 scrolls of immolation {unknown}
 x - 2 scrolls of poison {unknown}
 y - a scroll of butterflies {unknown}
Potions
 e - a potion of lignification {unknown}
 f - 2 potions of curing {unknown}
 r - a potion of cancellation {unknown}
 z - 2 potions of mutation {unknown}


   Skills:
 - Level 3.2 Fighting
 + Level 6.4 Axes
 - Level 3.2 Armour
 - Level 4.0 Shields


You had 5 spell levels left.
You didn't know any spells.
Your spell library was empty.

Dungeon Overview and Level Annotations

Branches:
Dungeon (4/15)              Sewer (1/1)
 Temple: D:4-7

Altars:
Sif Muna

Annotations:
D:3 2 runed translucent doors, paps's ghost, amateur OpSh


Innate Abilities, Weirdness & Mutations

You cannot be hasted, slowed, berserked, paralysed or teleported.
You can dig through walls and to a lower floor.
You have a pair of large antennae on your head. (SInv)
Your four strong arms can wield two-handed weapons with a shield.


Message History

You feel your power leaking away.
Press: ? - help, v - describe, . - travel
Here: a brain worm Some shallow water.
You feel very sick.
The ball python hisses angrily.
The ball python constricts the plant. x2; The kobold hits you but does no damage.
The ball python loses its grip on the plant.
The kobold hits you with a +0 dagger.
Your unstable footing causes you to fumble your attack.
You feel sick.
A frilled lizard comes into view.
The kobold hits you but does no damage.
Your unstable footing causes you to fumble your attack.
You feel sick. You block the kobold's attack.
You feel very mighty all of a sudden.
You feel sick.
A nearby plant withers and dies.
The kobold hits you but does no damage.
You barely miss the kobold.
You feel sick.
You closely miss the kobold.
You feel sick. You block the kobold's attack.
Your unstable footing causes you to fumble your attack.
You feel sick. The kobold closely misses you.
The brain worm's throbbing head pulsates.
Something gnaws on your mind!
You feel your power leaking away.
You feel sick.
You are no longer poisoned.
The kobold throws a poisoned dart.
The poisoned dart barely misses you.
The kobold throws a poisoned dart.
The poisoned dart hits you!
You are poisoned.
You feel very sick.
You feel sick.
The kobold throws a poisoned dart.
You block the poisoned dart.
The brain worm's bulging head throbs.
Something gnaws on your mind!
* * * LOW HITPOINT WARNING * * *
You feel your power leaking away.
You see here a river rat corpse.
You feel sick.
The brain worm's throbbing head pulsates.
Something gnaws on your mind!
You die...

≈≈≈≈≈≈≈~~~..~.##~#~.~~#~#~
########P...~~...~~..~#~#.
≈≈≈≈P...~.~~~~.P~~~#~#~
#####PP...~....P.~~#~#.
≈≈≈≈≈.~.~~~...#~#~.#~#.
≈≈≈≈≈..~..~..~#~#######
≈≈≈≈≈~...~.~~.#~# {
≈≈≈≈≈≈~.P..~.~#~#
≈≈≈≈≈≈~~...~~~#~P
.############.P~~..#~#
P~~~lSw~K~†@~......#~#
~############..†~~.#~# ~
≈≈≈≈≈.~~.~~~.#~###
≈≈≈≈≈..~...~.....#
≈≈≈≈≈~.~~.P#######
≈≈≈≈≈≈≈~~†P~~~~~~
≈≈≈≈≈≈≈≈≈.~######
≈≈≈≈≈≈≈≈≈≈≈≈ ≈≈≈≈≈≈≈≈≈≈≈≈≈
≈≈≈≈≈≈≈≈≈≈≈≈≈
≈≈≈≈≈≈≈≈≈≈≈≈≈≈


You could see a brain worm, a ball python, a kobold and a frilled lizard.

Vanquished Creatures
  A scorpion (D:4)
  A jelly (D:4)
  4 gnolls (D:4)
  3 river rats (Sewer)
  3 adders
  2 dart slugs
  2 ribbon worms
  An orc (D:3)
  2 bats (D:1)
  3 endoplasms
  5 giant cockroaches
  8 goblins
  12 hobgoblins
  A jackal (D:4)
  4 quokkas
  10 ball pythons
  7 frilled lizards
  5 kobolds
  6 rats
80 creatures vanquished.

Notes
Turn   | Place    | Note
-------+----------+-------------------------------------------
     0 | D:1      | AlterAsc the Formicid Fighter began the quest for the Orb.
     0 | D:1      | Reached XP level 1. HP: 18/18 MP: 1/1
   210 | D:1      | Reached XP level 2. HP: 22/24 MP: 2/2
   319 | D:1      | Reached skill level 3 in Axes
   464 | D:1      | Reached XP level 3. HP: 28/29 MP: 3/3
   705 | D:2      | Found a shimmering blue altar of Sif Muna.
  1149 | D:2      | Reached skill level 4 in Axes
  1149 | D:2      | Reached XP level 4. HP: 31/35 MP: 4/4
  1455 | D:3      | Found a runed translucent door.
  1463 | D:3      | Noticed paps's ghost (amateur OpSh)
  1891 | D:3      | Found a runed translucent door.
  2084 | D:4      | Reached XP level 5. HP: 35/41 MP: 5/5
  2282 | D:4      | Reached skill level 5 in Axes
  2426 | D:4      | Reached XP level 6. HP: 39/46 MP: 6/6
  2598 | D:4      | Reached skill level 6 in Axes
  2653 | D:4      | Found a glowing drain.
  2659 | Sewer    | Entered a sewer
  2855 | Sewer    | Killed from afar by a brain worm

Illustrated notes

Levels and vault maps discovered:
D:1:      matt_arrival_refuge, layout_loops_ring
D:2:      layout_basic, basic_altar, serial_bayou, serial_bayou_lagoon_a,
          serial_bayou_pond_a, serial_bayou_shore_b, serial_bayou_lake_a,
          serial_bayou_pond_a, nicolae_twisty_statue_hallways
D:3:      layout_basic, ebering_ghost_sewer_f
D:4:      layout_loops_ring, gup_sewer_entry_bubbles, dk_noncrumbling_3,
          minmay_quadrilaterals
Sewer:    sewer_co_scattered_pipes

Skill      XL: |  1  2  3  4  5  6 |
---------------+-------------------+-----
Axes           | 3 4 5 6 |  6.4
Fighting       | |  3.2
Armour         | |  3.2
Shields        | |  4.0

Action                     |  1- 3 |  4- 6 || total
---------------------------+-------+-------++-------
  Melee: War axe           |    27 |       ||    27
         Whip              |    82 |   185 ||   267
Ability: Dig               |       |     1 ||     1
    Use: Potion            |       |     1 ||     1
 Armour: Scale mail        |    12 |       ||    12
         Chain mail        |    39 |   111 ||   150
  Dodge: Dodged            |    31 |    51 ||    82
  Block: Buckler           |    33 |    37 ||    70
